[ PARTIDA AOE2 · #474145322 ]
Team RMFrancos vs Wei
[ ANÁLISIS DE REPETICIÓN · EXTRAÍDO DE LA PARTIDA GRABADA ]
Feudal
10:10
Castillos
14:38
Imperial
33:01
| APM promedio | 30.3 |
| APM pico | 66 |
| eAPM promedio | 19.2 |
| Aldeanos / militares | 159 / 54 |
Foco
⚔️ 14.8% · 🌾 85.2%
Knight ×52 · Scout Cavalry ×2
Feudal
11:49
Castillos
16:04
Imperial
29:59
| APM promedio | 19.0 |
| APM pico | 47 |
| eAPM promedio | 13.8 |
| Aldeanos / militares | 126 / 80 |
Foco
⚔️ 25.4% · 🌾 74.6%
Plumed Archer ×66 · Skirmisher ×12 · Trebuchet (Packed) ×2
Feudal
10:57
Castillos
16:12
Imperial
32:07
| APM promedio | 16.9 |
| APM pico | 63 |
| eAPM promedio | 11.9 |
| Aldeanos / militares | 122 / 1 |
Foco
⚔️ 11.2% · 🌾 88.8%
Unknown (1949) ×55 · Monk ×1
Feudal
10:57
Castillos
15:17
Imperial
32:47
| APM promedio | 24.3 |
| APM pico | 71 |
| eAPM promedio | 17.5 |
| Aldeanos / militares | 169 / 98 |
Foco
⚔️ 21.5% · 🌾 78.5%
Archer ×98
Feudal
12:20
Castillos
16:03
Imperial
24:39
| APM promedio | 31.5 |
| APM pico | 75 |
| eAPM promedio | 16.6 |
| Aldeanos / militares | 62 / 45 |
Foco
⚔️ 21.4% · 🌾 78.6%
Monk ×25 · Jaguar Warrior ×16 · Trebuchet (Packed) ×4
Feudal
10:27
Castillos
14:33
Imperial
29:56
| APM promedio | 38.3 |
| APM pico | 107 |
| eAPM promedio | 17.1 |
| Aldeanos / militares | 134 / 19 |
Foco
⚔️ 12.0% · 🌾 88.0%
Fire Lancer ×10 · Iron Pagoda ×6 · Unknown (1908) ×6 · Monk ×2 · Trebuchet (Packed) ×1
Feudal
—
Castillos
—
Imperial
—
| APM promedio | 24.1 |
| APM pico | 47 |
| eAPM promedio | 16.7 |
| Aldeanos / militares | 121 / 83 |
Foco
⚔️ 23.3% · 🌾 76.7%
Scorpion ×42 · Konnik ×39 · Mangonel ×2
Feudal
10:56
Castillos
14:26
Imperial
28:38
| APM promedio | 39.9 |
| APM pico | 117 |
| eAPM promedio | 19.3 |
| Aldeanos / militares | 106 / 101 |
Foco
⚔️ 22.9% · 🌾 77.1%
Scout Cavalry ×39 · Hand Cannoneer ×26 · Skirmisher ×21 · Archer ×5 · Conquistador ×4 · Spearman ×3
Mapa de la partida
Recursos al inicio + cada clic de construcción. Línea gruesa = muro · recuadro discontinuo = muro de casas detectado. 🟡 oro · ⚪ piedra · 🟢 bayas · 🔶 jabalí · ⭕ reliquia
Inputs por minuto
— Mr.Veg@ - - triantadeli
Build order — Mr.Veg@
Primeras 150 de 374 acciones detectadas
| 0:01 | Crear | Villager (Male) |
| 0:01 | Crear | Villager (Male) |
| 0:01 | Crear | Villager (Male) |
| 0:01 | Crear | Villager (Male) |
| 0:01 | Crear | Villager (Male) |
| 0:03 | Construir | House |
| 0:05 | Construir | House |
| 1:27 | Crear | Villager (Male) |
| 1:27 | Crear | Villager (Male) |
| 2:02 | Crear | Villager (Male) |
| 2:02 | Crear | Villager (Male) |
| 2:30 | Crear | Villager (Male) |
| 2:30 | Crear | Villager (Male) |
| 2:30 | Crear | Villager (Male) |
| 2:34 | Construir | Lumber Camp |
| 3:25 | Crear | Villager (Male) |
| 3:25 | Crear | Villager (Male) |
| 3:27 | Construir | House |
| 3:36 | Crear | Villager (Male) |
| 4:22 | Crear | Villager (Male) |
| 4:23 | Crear | Villager (Male) |
| 4:49 | Construir | Mill |
| 5:03 | Crear | Villager (Male) |
| 5:32 | Construir | House |
| 5:53 | Crear | Villager (Male) |
| 6:05 | Crear | Villager (Male) |
| 6:19 | Construir | Mill |
| 6:39 | Crear | Villager (Male) |
| 6:59 | Crear | Villager (Male) |
| 7:09 | Crear | Villager (Male) |
| 7:39 | Construir | Mining Camp |
| 7:45 | Investigar | Feudal Age |
| 7:52 | Construir | House |
| 9:48 | Crear | Villager (Male) |
| 9:48 | Crear | Villager (Male) |
| 10:10 | Edad | Edad Feudal |
| 10:42 | Crear | Villager (Male) |
| 10:46 | Construir | Market |
| 10:57 | Crear | Villager (Male) |
| 11:04 | Construir | Blacksmith |
| 11:35 | Construir | Farm |
| 11:37 | Construir | Farm |
| 11:40 | Construir | Farm |
| 11:43 | Construir | Farm |
| 11:58 | Investigar | Castle Age |
| 12:01 | Construir | Mining Camp |
| 12:15 | Construir | House |
| 12:16 | Construir | House |
| 12:25 | Construir | Farm |
| 12:58 | Investigar | Double-Bit Axe |
| 13:15 | Investigar | Gold Mining |
| 14:38 | Edad | Edad de los Castillos |
| 14:43 | Construir | Town Center |
| 14:44 | Crear | Villager (Male) |
| 14:44 | Crear | Villager (Male) |
| 14:44 | Crear | Villager (Male) |
| 15:07 | Construir | Farm |
| 15:14 | Crear | Villager (Male) |
| 15:36 | Construir | Farm |
| 15:40 | Crear | Villager (Male) |
| 15:41 | Crear | Villager (Male) |
| 16:04 | Crear | Villager (Male) |
| 16:10 | Crear | Villager (Male) |
| 16:14 | Construir | Farm |
| 16:15 | Construir | Farm |
| 16:16 | Crear | Villager (Male) |
| 16:19 | Construir | Farm |
| 16:30 | Construir | Farm |
| 16:31 | Crear | Villager (Male) |
| 16:56 | Construir | Barracks |
| 17:06 | Crear | Villager (Male) |
| 17:07 | Crear | Villager (Male) |
| 17:16 | Crear | Villager (Male) |
| 17:26 | Construir | House |
| 17:27 | Construir | House |
| 17:28 | Crear | Villager (Male) |
| 17:36 | Construir | Monastery |
| 17:37 | Crear | Villager (Male) |
| 17:46 | Construir | Farm |
| 17:47 | Crear | Villager (Male) |
| 18:01 | Crear | Villager (Male) |
| 18:18 | Construir | Farm |
| 18:19 | Crear | Villager (Male) |
| 18:27 | Construir | House |
| 18:28 | Crear | Villager (Male) |
| 18:33 | Construir | Farm |
| 18:35 | Crear | Villager (Male) |
| 18:38 | Crear | Villager (Male) |
| 18:45 | Construir | Farm |
| 18:50 | Crear | Villager (Male) |
| 19:04 | Construir | Town Center |
| 19:06 | Crear | Villager (Male) |
| 19:19 | Construir | House |
| 19:20 | Crear | Villager (Male) |
| 19:31 | Crear | Villager (Male) |
| 19:44 | Crear | Villager (Male) |
| 19:50 | Construir | House |
| 19:51 | Construir | House |
| 19:52 | Crear | Villager (Male) |
| 19:56 | Construir | Farm |
| 20:02 | Crear | Villager (Male) |
| 20:19 | Construir | Town Center |
| 20:21 | Crear | Villager (Male) |
| 20:25 | Crear | Villager (Male) |
| 20:36 | Construir | Farm |
| 20:40 | Construir | Farm |
| 20:40 | Crear | Villager (Male) |
| 20:47 | Crear | Villager (Male) |
| 20:49 | Construir | House |
| 21:01 | Crear | Villager (Male) |
| 21:08 | Construir | House |
| 21:08 | Construir | House |
| 21:10 | Crear | Villager (Male) |
| 21:12 | Crear | Villager (Male) |
| 21:13 | Construir | Farm |
| 21:21 | Crear | Villager (Male) |
| 21:27 | Construir | Farm |
| 21:30 | Crear | Villager (Male) |
| 21:35 | Construir | Farm |
| 21:37 | Construir | Farm |
| 21:38 | Crear | Villager (Male) |
| 21:51 | Construir | Stable |
| 21:52 | Crear | Villager (Male) |
| 21:57 | Crear | Villager (Male) |
| 21:59 | Crear | Villager (Male) |
| 22:01 | Construir | Farm |
| 22:03 | Crear | Villager (Male) |
| 22:12 | Crear | Villager (Male) |
| 22:18 | Construir | Farm |
| 22:20 | Crear | Villager (Male) |
| 22:22 | Crear | Villager (Male) |
| 22:31 | Construir | House |
| 22:31 | Construir | House |
| 22:32 | Construir | House |
| 22:33 | Construir | House |
| 22:35 | Crear | Villager (Male) |
| 22:39 | Construir | Farm |
| 22:44 | Construir | Town Center |
| 22:46 | Crear | Villager (Male) |
| 22:48 | Construir | Farm |
| 22:49 | Crear | Villager (Male) |
| 22:54 | Construir | Farm |
| 22:56 | Crear | Villager (Male) |
| 23:02 | Crear | Villager (Male) |
| 23:11 | Construir | Farm |
| 23:12 | Crear | Villager (Male) |
| 23:18 | Crear | Villager (Male) |
| 23:19 | Construir | Lumber Camp |
| 23:23 | Crear | Villager (Male) |
| 23:32 | Crear | Villager (Male) |
Build order — triantadeli
Primeras 150 de 298 acciones detectadas
| 0:02 | Crear | Villager (Male) |
| 0:03 | Crear | Villager (Male) |
| 0:03 | Crear | Villager (Male) |
| 0:03 | Crear | Villager (Male) |
| 0:07 | Construir | House |
| 0:11 | Construir | House |
| 1:36 | Crear | Villager (Male) |
| 1:36 | Crear | Villager (Male) |
| 2:08 | Crear | Villager (Male) |
| 2:08 | Crear | Villager (Male) |
| 2:29 | Crear | Villager (Male) |
| 2:30 | Crear | Villager (Male) |
| 2:44 | Crear | Villager (Male) |
| 3:09 | Crear | Villager (Male) |
| 3:09 | Crear | Villager (Male) |
| 3:36 | Crear | Villager (Male) |
| 3:37 | Crear | Villager (Male) |
| 3:57 | Construir | House |
| 3:59 | Construir | House |
| 4:11 | Crear | Villager (Male) |
| 4:12 | Crear | Villager (Male) |
| 4:12 | Crear | Villager (Male) |
| 4:22 | Construir | Lumber Camp |
| 5:39 | Crear | Villager (Male) |
| 5:39 | Crear | Villager (Male) |
| 5:39 | Crear | Villager (Male) |
| 5:42 | Crear | Villager (Male) |
| 6:26 | Crear | Villager (Male) |
| 6:26 | Crear | Villager (Male) |
| 6:27 | Crear | Villager (Male) |
| 7:14 | Crear | Villager (Male) |
| 7:15 | Crear | Villager (Male) |
| 7:15 | Crear | Villager (Male) |
| 7:59 | Construir | Mill |
| 8:24 | Construir | House |
| 8:33 | Construir | Mining Camp |
| 9:05 | Investigar | Feudal Age |
| 9:52 | Construir | Farm |
| 9:55 | Construir | Farm |
| 9:57 | Construir | Farm |
| 10:42 | Crear | Villager (Male) |
| 10:43 | Crear | Villager (Male) |
| 10:44 | Crear | Villager (Male) |
| 11:49 | Edad | Edad Feudal |
| 11:56 | Construir | Market |
| 12:48 | Construir | Blacksmith |
| 13:11 | Investigar | Double-Bit Axe |
| 13:24 | Investigar | Castle Age |
| 13:34 | Construir | Farm |
| 13:36 | Construir | Farm |
| 13:38 | Construir | Farm |
| 13:51 | Construir | Farm |
| 13:56 | Construir | Farm |
| 14:05 | Construir | Farm |
| 14:36 | Construir | Farm |
| 14:52 | Construir | Farm |
| 15:03 | Construir | House |
| 15:42 | Crear | Villager (Male) |
| 15:43 | Crear | Villager (Male) |
| 15:43 | Crear | Villager (Male) |
| 15:43 | Crear | Villager (Male) |
| 16:04 | Edad | Edad de los Castillos |
| 16:16 | Construir | Town Center |
| 16:23 | Crear | Villager (Male) |
| 16:24 | Crear | Villager (Male) |
| 16:46 | Construir | Town Center |
| 17:11 | Crear | Villager (Male) |
| 17:11 | Crear | Villager (Male) |
| 17:11 | Crear | Villager (Male) |
| 17:12 | Crear | Villager (Male) |
| 17:29 | Crear | Villager (Male) |
| 17:29 | Crear | Villager (Male) |
| 17:30 | Crear | Villager (Male) |
| 17:37 | Crear | Villager (Male) |
| 17:38 | Crear | Villager (Male) |
| 17:38 | Crear | Villager (Male) |
| 17:38 | Crear | Villager (Male) |
| 17:42 | Construir | Farm |
| 17:47 | Construir | Farm |
| 17:57 | Construir | Farm |
| 18:00 | Crear | Villager (Male) |
| 18:01 | Crear | Villager (Male) |
| 18:01 | Crear | Villager (Male) |
| 18:58 | Construir | Barracks |
| 19:02 | Crear | Villager (Male) |
| 19:02 | Crear | Villager (Male) |
| 19:02 | Crear | Villager (Male) |
| 19:03 | Crear | Villager (Male) |
| 19:05 | Construir | House |
| 19:14 | Investigar | Fletching |
| 19:15 | Investigar | Padded Archer Armor |
| 19:28 | Construir | House |
| 19:43 | Construir | Archery Range |
| 19:46 | Crear | Villager (Male) |
| 19:47 | Crear | Villager (Male) |
| 19:47 | Crear | Villager (Male) |
| 19:47 | Crear | Villager (Male) |
| 20:02 | Construir | Farm |
| 20:21 | Construir | Archery Range |
| 20:25 | Investigar | Elite Skirmisher (upgrade) |
| 20:29 | Crear | Villager (Male) |
| 20:29 | Crear | Villager (Male) |
| 20:29 | Crear | Villager (Male) |
| 20:30 | Crear | Villager (Male) |
| 20:38 | Construir | House |
| 20:39 | Construir | House |
| 21:09 | Crear | Villager (Male) |
| 21:09 | Crear | Villager (Male) |
| 21:09 | Crear | Villager (Male) |
| 21:10 | Crear | Villager (Male) |
| 21:18 | Crear | Skirmisher |
| 21:18 | Crear | Skirmisher |
| 21:18 | Crear | Skirmisher |
| 21:31 | Construir | House |
| 21:33 | Construir | House |
| 21:39 | Crear | Villager (Male) |
| 21:40 | Crear | Villager (Male) |
| 21:40 | Crear | Villager (Male) |
| 21:48 | Crear | Skirmisher |
| 21:48 | Crear | Skirmisher |
| 21:49 | Crear | Skirmisher |
| 22:02 | Construir | Farm |
| 22:23 | Construir | Farm |
| 22:27 | Construir | Farm |
| 22:30 | Crear | Villager (Male) |
| 22:31 | Crear | Villager (Male) |
| 22:31 | Crear | Villager (Male) |
| 22:38 | Crear | Skirmisher |
| 22:38 | Crear | Skirmisher |
| 22:38 | Crear | Skirmisher |
| 22:52 | Construir | House |
| 23:03 | Construir | Farm |
| 23:06 | Construir | Farm |
| 23:16 | Investigar | Loom |
| 23:17 | Crear | Villager (Male) |
| 23:18 | Crear | Villager (Male) |
| 23:18 | Crear | Villager (Male) |
| 23:19 | Crear | Villager (Male) |
| 23:39 | Crear | Skirmisher |
| 23:39 | Crear | Skirmisher |
| 23:40 | Crear | Skirmisher |
| 23:45 | Construir | House |
| 24:21 | Construir | Town Center |
| 24:25 | Crear | Villager (Male) |
| 24:25 | Crear | Villager (Male) |
| 24:26 | Crear | Villager (Male) |
| 24:26 | Crear | Villager (Male) |
| 24:26 | Crear | Villager (Male) |
| 24:38 | Construir | Castle |
| 25:21 | Construir | House |
Build order — baha
Primeras 150 de 291 acciones detectadas
| 0:01 | Crear | Villager (Male) |
| 0:01 | Crear | Villager (Male) |
| 0:02 | Crear | Villager (Male) |
| 0:02 | Crear | Villager (Male) |
| 0:02 | Crear | Villager (Male) |
| 0:04 | Construir | House |
| 0:06 | Construir | House |
| 1:30 | Crear | Villager (Male) |
| 1:30 | Crear | Villager (Male) |
| 2:03 | Crear | Villager (Male) |
| 2:03 | Crear | Villager (Male) |
| 2:20 | Crear | Villager (Male) |
| 2:53 | Crear | Villager (Male) |
| 2:53 | Crear | Villager (Male) |
| 3:04 | Construir | Lumber Camp |
| 3:41 | Crear | Villager (Male) |
| 3:41 | Crear | Villager (Male) |
| 3:41 | Crear | Villager (Male) |
| 3:42 | Crear | Villager (Male) |
| 3:53 | Construir | House |
| 3:55 | Construir | House |
| 3:57 | Construir | House |
| 4:17 | Investigar | Loom |
| 4:18 | Crear | Villager (Male) |
| 4:41 | Construir | House |
| 5:02 | Crear | Villager (Male) |
| 5:02 | Crear | Villager (Male) |
| 5:03 | Crear | Villager (Male) |
| 5:03 | Crear | Villager (Male) |
| 5:23 | Crear | Villager (Male) |
| 6:10 | Construir | Mill |
| 7:14 | Crear | Villager (Male) |
| 7:26 | Construir | Mining Camp |
| 7:41 | Crear | Villager (Male) |
| 8:07 | Crear | Villager (Male) |
| 8:34 | Investigar | Feudal Age |
| 8:49 | Construir | Mill |
| 10:38 | Crear | Villager (Male) |
| 10:38 | Crear | Villager (Male) |
| 10:57 | Edad | Edad Feudal |
| 11:02 | Construir | Market |
| 11:08 | Construir | Blacksmith |
| 11:20 | Construir | Farm |
| 11:20 | Construir | Farm |
| 11:29 | Construir | Farm |
| 11:44 | Crear | Villager (Male) |
| 12:09 | Crear | Villager (Male) |
| 12:20 | Construir | House |
| 12:22 | Construir | House |
| 12:36 | Construir | Farm |
| 12:37 | Construir | Farm |
| 12:40 | Crear | Villager (Male) |
| 13:03 | Construir | Farm |
| 13:07 | Crear | Villager (Male) |
| 13:24 | Construir | Farm |
| 13:31 | Investigar | Castle Age |
| 14:06 | Investigar | Double-Bit Axe |
| 14:39 | Construir | Mining Camp |
| 14:55 | Investigar | Horse Collar |
| 15:44 | Crear | Villager (Male) |
| 16:12 | Edad | Edad de los Castillos |
| 16:29 | Construir | Town Center |
| 16:35 | Crear | Villager (Male) |
| 16:35 | Crear | Villager (Male) |
| 17:22 | Construir | Farm |
| 17:25 | Crear | Villager (Male) |
| 17:25 | Crear | Villager (Male) |
| 17:37 | Crear | Villager (Male) |
| 17:37 | Crear | Villager (Male) |
| 17:38 | Crear | Villager (Male) |
| 17:38 | Crear | Villager (Male) |
| 17:57 | Construir | Town Center |
| 18:11 | Crear | Villager (Male) |
| 18:11 | Crear | Villager (Male) |
| 18:11 | Crear | Villager (Male) |
| 18:19 | Construir | Farm |
| 18:21 | Construir | Farm |
| 18:22 | Construir | Farm |
| 18:26 | Crear | Villager (Male) |
| 18:26 | Crear | Villager (Male) |
| 18:27 | Crear | Villager (Male) |
| 18:27 | Crear | Villager (Male) |
| 18:53 | Construir | Monastery |
| 19:00 | Crear | Villager (Male) |
| 19:00 | Crear | Villager (Male) |
| 19:16 | Investigar | Wheelbarrow |
| 19:28 | Construir | Farm |
| 19:31 | Construir | Farm |
| 19:40 | Construir | Farm |
| 19:47 | Construir | Farm |
| 19:48 | Crear | Villager (Male) |
| 19:49 | Crear | Villager (Male) |
| 19:49 | Crear | Villager (Male) |
| 20:05 | Crear | Monk |
| 20:10 | Construir | House |
| 20:12 | Construir | House |
| 20:25 | Investigar | Gold Mining |
| 20:38 | Construir | House |
| 20:39 | Construir | House |
| 20:42 | Crear | Villager (Male) |
| 20:42 | Crear | Villager (Male) |
| 20:42 | Crear | Villager (Male) |
| 21:31 | Crear | Villager (Male) |
| 21:31 | Crear | Villager (Male) |
| 21:31 | Crear | Villager (Male) |
| 21:39 | Construir | Farm |
| 21:40 | Construir | Farm |
| 21:41 | Construir | Farm |
| 21:43 | Construir | Farm |
| 21:44 | Construir | Farm |
| 21:46 | Construir | Farm |
| 21:49 | Construir | Farm |
| 21:52 | Construir | Farm |
| 21:53 | Crear | Villager (Male) |
| 21:53 | Crear | Villager (Male) |
| 21:54 | Crear | Villager (Male) |
| 21:59 | Construir | House |
| 22:00 | Construir | House |
| 22:07 | Investigar | Heavy Plow |
| 22:15 | Crear | Villager (Male) |
| 22:25 | Construir | Farm |
| 22:27 | Construir | Farm |
| 22:30 | Construir | Mill |
| 22:33 | Construir | Farm |
| 22:35 | Construir | Farm |
| 22:37 | Construir | Farm |
| 22:38 | Construir | Farm |
| 22:40 | Construir | Farm |
| 22:41 | Crear | Villager (Male) |
| 22:42 | Crear | Villager (Male) |
| 22:42 | Crear | Villager (Male) |
| 22:48 | Construir | Farm |
| 22:58 | Construir | Farm |
| 23:01 | Crear | Villager (Male) |
| 23:02 | Crear | Villager (Male) |
| 23:16 | Construir | Farm |
| 23:16 | Construir | Farm |
| 23:17 | Construir | Farm |
| 23:22 | Construir | Farm |
| 23:23 | Construir | Farm |
| 23:23 | Construir | Farm |
| 23:24 | Construir | Farm |
| 23:27 | Construir | Farm |
| 23:28 | Crear | Villager (Male) |
| 23:28 | Crear | Villager (Male) |
| 23:28 | Crear | Villager (Male) |
| 23:28 | Crear | Villager (Male) |
| 23:33 | Construir | House |
| 23:33 | Construir | House |
| 23:35 | Construir | House |
Build order — x-3-n-0-c
Primeras 150 de 396 acciones detectadas
| 0:01 | Crear | Villager (Male) |
| 0:01 | Crear | Villager (Male) |
| 0:02 | Crear | Villager (Male) |
| 0:04 | Construir | House |
| 0:05 | Construir | House |
| 0:29 | Crear | Villager (Male) |
| 0:29 | Crear | Villager (Male) |
| 0:29 | Crear | Villager (Male) |
| 1:33 | Crear | Villager (Male) |
| 1:33 | Crear | Villager (Male) |
| 1:57 | Construir | Lumber Camp |
| 1:59 | Crear | Villager (Male) |
| 1:59 | Crear | Villager (Male) |
| 2:08 | Crear | Villager (Male) |
| 2:08 | Crear | Villager (Male) |
| 2:08 | Crear | Villager (Male) |
| 2:31 | Crear | Villager (Male) |
| 2:32 | Crear | Villager (Male) |
| 2:33 | Crear | Villager (Male) |
| 2:33 | Crear | Villager (Male) |
| 3:11 | Crear | Villager (Male) |
| 3:12 | Crear | Villager (Male) |
| 3:12 | Crear | Villager (Male) |
| 3:28 | Crear | Villager (Male) |
| 3:28 | Crear | Villager (Male) |
| 3:40 | Crear | Villager (Male) |
| 3:40 | Crear | Villager (Male) |
| 3:52 | Construir | House |
| 4:02 | Crear | Villager (Male) |
| 4:02 | Crear | Villager (Male) |
| 4:10 | Crear | Villager (Male) |
| 4:11 | Crear | Villager (Male) |
| 4:33 | Construir | Mill |
| 4:44 | Crear | Villager (Male) |
| 4:44 | Crear | Villager (Male) |
| 4:57 | Crear | Villager (Male) |
| 4:57 | Crear | Villager (Male) |
| 4:57 | Crear | Villager (Male) |
| 5:11 | Crear | Villager (Male) |
| 5:11 | Crear | Villager (Male) |
| 5:29 | Crear | Villager (Male) |
| 6:16 | Construir | House |
| 6:30 | Crear | Villager (Male) |
| 6:51 | Construir | House |
| 7:42 | Crear | Villager (Male) |
| 7:43 | Crear | Villager (Male) |
| 8:05 | Investigar | Feudal Age |
| 8:26 | Construir | Mining Camp |
| 8:54 | Crear | Villager (Male) |
| 8:54 | Crear | Villager (Male) |
| 9:00 | Construir | Barracks |
| 9:56 | Construir | Farm |
| 10:00 | Construir | Farm |
| 10:05 | Construir | Farm |
| 10:57 | Edad | Edad Feudal |
| 11:03 | Construir | Blacksmith |
| 11:32 | Crear | Villager (Male) |
| 11:47 | Construir | Archery Range |
| 12:11 | Crear | Villager (Male) |
| 12:24 | Investigar | Castle Age |
| 12:44 | Investigar | Double-Bit Axe |
| 13:01 | Investigar | Horse Collar |
| 13:08 | Crear | Archer |
| 13:09 | Crear | Archer |
| 13:09 | Crear | Archer |
| 13:09 | Crear | Archer |
| 13:22 | Construir | Farm |
| 13:27 | Crear | Archer |
| 13:27 | Crear | Archer |
| 13:27 | Crear | Archer |
| 13:28 | Crear | Archer |
| 13:53 | Construir | House |
| 13:58 | Construir | House |
| 14:10 | Investigar | Fletching |
| 14:32 | Crear | Archer |
| 15:17 | Edad | Edad de los Castillos |
| 15:18 | Crear | Archer |
| 15:22 | Construir | Town Center |
| 15:25 | Construir | Town Center |
| 15:27 | Crear | Villager (Male) |
| 15:28 | Crear | Villager (Male) |
| 15:32 | Crear | Archer |
| 15:49 | Construir | Archery Range |
| 15:52 | Investigar | Bow Saw |
| 16:27 | Crear | Villager (Male) |
| 16:28 | Crear | Villager (Male) |
| 16:31 | Construir | Farm |
| 16:31 | Construir | Farm |
| 16:31 | Construir | Farm |
| 16:38 | Construir | Farm |
| 17:03 | Crear | Villager (Male) |
| 17:04 | Crear | Villager (Male) |
| 17:10 | Construir | Farm |
| 17:11 | Construir | Farm |
| 17:11 | Construir | Farm |
| 17:11 | Construir | Farm |
| 17:13 | Construir | Farm |
| 17:14 | Construir | Farm |
| 17:14 | Construir | Farm |
| 17:15 | Construir | Farm |
| 17:15 | Construir | Farm |
| 17:23 | Crear | Villager (Male) |
| 17:23 | Crear | Villager (Male) |
| 17:23 | Crear | Villager (Male) |
| 17:28 | Construir | Farm |
| 17:33 | Construir | Farm |
| 17:39 | Construir | Farm |
| 17:43 | Construir | Farm |
| 17:57 | Crear | Villager (Male) |
| 17:58 | Crear | Villager (Male) |
| 18:07 | Construir | Market |
| 18:10 | Crear | Villager (Male) |
| 18:10 | Crear | Villager (Male) |
| 18:32 | Crear | Villager (Male) |
| 18:32 | Crear | Villager (Male) |
| 18:32 | Crear | Villager (Male) |
| 18:35 | Crear | Villager (Male) |
| 18:35 | Crear | Villager (Male) |
| 18:38 | Construir | Farm |
| 18:38 | Construir | Farm |
| 18:45 | Construir | Farm |
| 18:45 | Construir | Farm |
| 18:45 | Construir | Farm |
| 18:47 | Crear | Villager (Male) |
| 18:47 | Crear | Villager (Male) |
| 19:09 | Crear | Villager (Male) |
| 19:10 | Crear | Villager (Male) |
| 19:10 | Crear | Villager (Male) |
| 19:10 | Crear | Villager (Male) |
| 19:16 | Crear | Villager (Male) |
| 19:27 | Investigar | Heavy Plow |
| 19:28 | Crear | Villager (Male) |
| 19:29 | Crear | Villager (Male) |
| 19:29 | Crear | Villager (Male) |
| 19:37 | Construir | Farm |
| 19:40 | Construir | House |
| 19:42 | Construir | House |
| 19:46 | Construir | House |
| 20:00 | Investigar | Wheelbarrow |
| 20:01 | Crear | Villager (Male) |
| 20:01 | Crear | Villager (Male) |
| 20:13 | Crear | Villager (Male) |
| 20:13 | Crear | Villager (Male) |
| 20:23 | Construir | Farm |
| 20:23 | Construir | Farm |
| 20:24 | Construir | Farm |
| 20:30 | Construir | Farm |
| 20:31 | Crear | Villager (Male) |
| 20:31 | Crear | Villager (Male) |
| 20:31 | Crear | Villager (Male) |
Build order — enguenye
Primeras 150 de 200 acciones detectadas
| 0:01 | Crear | Villager (Male) |
| 0:01 | Crear | Villager (Male) |
| 0:01 | Crear | Villager (Male) |
| 0:03 | Construir | House |
| 0:04 | Construir | House |
| 0:25 | Crear | Villager (Male) |
| 1:18 | Crear | Villager (Male) |
| 1:48 | Construir | Lumber Camp |
| 2:00 | Crear | Villager (Male) |
| 2:33 | Crear | Villager (Male) |
| 2:34 | Crear | Villager (Male) |
| 3:02 | Crear | Villager (Male) |
| 3:51 | Crear | Villager (Male) |
| 3:55 | Construir | House |
| 3:59 | Construir | House |
| 4:20 | Crear | Villager (Male) |
| 4:29 | Crear | Villager (Male) |
| 4:33 | Construir | Lumber Camp |
| 4:48 | Crear | Villager (Male) |
| 5:05 | Construir | Mill |
| 5:33 | Crear | Villager (Male) |
| 5:42 | Crear | Villager (Male) |
| 5:52 | Crear | Villager (Male) |
| 6:11 | Crear | Villager (Male) |
| 6:38 | Crear | Villager (Male) |
| 7:08 | Crear | Villager (Male) |
| 7:17 | Crear | Villager (Male) |
| 7:35 | Crear | Villager (Male) |
| 7:38 | Construir | House |
| 7:58 | Construir | Mining Camp |
| 8:31 | Crear | Villager (Male) |
| 8:32 | Crear | Villager (Male) |
| 8:44 | Construir | Mill |
| 8:45 | Crear | Villager (Male) |
| 8:46 | Crear | Villager (Male) |
| 9:05 | Construir | Mining Camp |
| 9:06 | Crear | Villager (Male) |
| 9:26 | Investigar | Loom |
| 9:26 | Investigar | Feudal Age |
| 9:36 | Construir | House |
| 9:56 | Crear | Villager (Male) |
| 9:56 | Crear | Villager (Male) |
| 10:57 | Construir | Farm |
| 11:12 | Construir | Farm |
| 11:39 | Construir | Farm |
| 12:20 | Edad | Edad Feudal |
| 12:24 | Construir | Market |
| 12:42 | Construir | Blacksmith |
| 13:14 | Investigar | Double-Bit Axe |
| 13:23 | Investigar | Castle Age |
| 13:57 | Investigar | Gold Mining |
| 14:24 | Crear | Villager (Male) |
| 15:08 | Construir | Farm |
| 16:03 | Edad | Edad de los Castillos |
| 16:11 | Construir | Castle |
| 16:12 | Crear | Villager (Male) |
| 16:25 | Construir | Monastery |
| 16:30 | Crear | Villager (Male) |
| 16:39 | Construir | Lumber Camp |
| 16:42 | Investigar | Bow Saw |
| 16:43 | Crear | Villager (Male) |
| 16:50 | Construir | Farm |
| 17:09 | Crear | Monk |
| 17:14 | Construir | Farm |
| 17:19 | Construir | Farm |
| 17:20 | Construir | Farm |
| 17:20 | Construir | Farm |
| 17:23 | Construir | House |
| 17:28 | Crear | Villager (Male) |
| 17:56 | Crear | Villager (Male) |
| 18:12 | Construir | Farm |
| 18:14 | Construir | Farm |
| 18:14 | Crear | Villager (Male) |
| 18:23 | Crear | Monk |
| 18:46 | Crear | Villager (Male) |
| 18:50 | Construir | Farm |
| 19:03 | Crear | Villager (Male) |
| 19:05 | Construir | Farm |
| 19:13 | Construir | Mill |
| 19:14 | Construir | Farm |
| 19:14 | Construir | Farm |
| 19:30 | Crear | Villager (Male) |
| 19:33 | Construir | Farm |
| 19:38 | Construir | Farm |
| 19:45 | Construir | Farm |
| 19:53 | Construir | Farm |
| 19:56 | Construir | Farm |
| 19:58 | Crear | Villager (Male) |
| 20:08 | Investigar | Horse Collar |
| 20:18 | Construir | Farm |
| 20:20 | Crear | Villager (Male) |
| 20:25 | Construir | Farm |
| 20:25 | Construir | Farm |
| 20:35 | Crear | Villager (Male) |
| 20:43 | Construir | Farm |
| 21:07 | Construir | Farm |
| 21:29 | Investigar | Imperial Age |
| 22:38 | Crear | Villager (Male) |
| 23:02 | Construir | Mining Camp |
| 23:25 | Investigar | Redemption |
| 23:31 | Construir | Monastery |
| 23:40 | Crear | Villager (Male) |
| 23:47 | Crear | Jaguar Warrior |
| 23:53 | Crear | Villager (Male) |
| 23:59 | Crear | Jaguar Warrior |
| 24:06 | Investigar | Gold Shaft Mining |
| 24:18 | Crear | Monk |
| 24:24 | Crear | Jaguar Warrior |
| 24:29 | Crear | Monk |
| 24:30 | Crear | Monk |
| 24:39 | Edad | Edad Imperial |
| 24:45 | Crear | Trebuchet (Packed) |
| 25:04 | Investigar | Block Printing |
| 25:08 | Crear | Villager (Male) |
| 25:28 | Investigar | Conscription |
| 25:44 | Crear | Monk |
| 25:46 | Crear | Villager (Male) |
| 25:56 | Crear | Trebuchet (Packed) |
| 26:12 | Crear | Villager (Male) |
| 26:15 | Crear | Monk |
| 26:36 | Investigar | Sanctity |
| 26:48 | Crear | Villager (Male) |
| 26:48 | Crear | Villager (Male) |
| 26:56 | Crear | Monk |
| 27:06 | Investigar | Theocracy |
| 27:14 | Crear | Jaguar Warrior |
| 27:19 | Construir | House |
| 27:19 | Construir | House |
| 27:49 | Crear | Monk |
| 27:50 | Crear | Jaguar Warrior |
| 27:56 | Crear | Villager (Male) |
| 27:59 | Investigar | Wheelbarrow |
| 28:06 | Crear | Villager (Male) |
| 28:09 | Construir | House |
| 28:09 | Construir | House |
| 28:10 | Construir | House |
| 28:13 | Construir | House |
| 28:13 | Construir | House |
| 28:45 | Crear | Monk |
| 28:48 | Crear | Jaguar Warrior |
| 28:49 | Crear | Jaguar Warrior |
| 29:15 | Construir | House |
| 29:15 | Construir | House |
| 29:33 | Crear | Villager (Male) |
| 29:36 | Investigar | Scale Mail Armor |
| 29:39 | Crear | Trebuchet (Packed) |
| 29:41 | Crear | Trebuchet (Packed) |
| 30:11 | Construir | House |
| 30:12 | Construir | House |
| 30:12 | Crear | Villager (Male) |
Build order — grizzlyman
Primeras 150 de 295 acciones detectadas
| 0:01 | Crear | Villager (Male) |
| 0:01 | Crear | Villager (Male) |
| 0:03 | Construir | House |
| 0:04 | Construir | House |
| 0:25 | Crear | Villager (Male) |
| 0:26 | Crear | Villager (Male) |
| 0:26 | Crear | Villager (Male) |
| 1:27 | Crear | Villager (Male) |
| 1:28 | Crear | Villager (Male) |
| 1:51 | Crear | Villager (Male) |
| 1:51 | Crear | Villager (Male) |
| 1:54 | Construir | Lumber Camp |
| 2:15 | Crear | Villager (Male) |
| 2:15 | Crear | Villager (Male) |
| 2:33 | Crear | Villager (Male) |
| 2:33 | Crear | Villager (Male) |
| 3:02 | Construir | House |
| 3:12 | Crear | Villager (Male) |
| 3:13 | Crear | Villager (Male) |
| 3:56 | Crear | Villager (Male) |
| 3:56 | Crear | Villager (Male) |
| 4:23 | Crear | Villager (Male) |
| 4:23 | Crear | Villager (Male) |
| 4:54 | Crear | Villager (Male) |
| 4:55 | Crear | Villager (Male) |
| 4:55 | Crear | Villager (Male) |
| 4:55 | Crear | Villager (Male) |
| 5:38 | Crear | Villager (Male) |
| 5:38 | Crear | Villager (Male) |
| 6:00 | Construir | Mill |
| 6:14 | Construir | House |
| 6:48 | Construir | Mining Camp |
| 6:58 | Crear | Villager (Male) |
| 6:59 | Crear | Villager (Male) |
| 7:00 | Crear | Villager (Male) |
| 7:24 | Construir | Mill |
| 8:17 | Investigar | Feudal Age |
| 8:58 | Construir | House |
| 9:03 | Crear | Villager (Male) |
| 9:03 | Crear | Villager (Male) |
| 9:25 | Construir | Farm |
| 10:27 | Edad | Edad Feudal |
| 10:29 | Construir | Market |
| 10:56 | Construir | Blacksmith |
| 11:13 | Crear | Villager (Male) |
| 11:53 | Investigar | Castle Age |
| 11:53 | Investigar | Castle Age |
| 12:03 | Construir | Lumber Camp |
| 12:29 | Investigar | Double-Bit Axe |
| 12:59 | Construir | Farm |
| 13:00 | Construir | Farm |
| 13:24 | Construir | House |
| 13:37 | Investigar | Horse Collar |
| 13:54 | Crear | Villager (Male) |
| 13:54 | Crear | Villager (Male) |
| 14:08 | Construir | Farm |
| 14:12 | Construir | Farm |
| 14:33 | Edad | Edad de los Castillos |
| 15:00 | Construir | Town Center |
| 15:12 | Crear | Villager (Male) |
| 15:45 | Investigar | Bow Saw |
| 15:48 | Crear | Villager (Male) |
| 16:16 | Crear | Villager (Male) |
| 16:16 | Crear | Villager (Male) |
| 16:17 | Crear | Villager (Male) |
| 16:17 | Crear | Villager (Male) |
| 16:22 | Construir | Farm |
| 16:25 | Construir | Farm |
| 16:26 | Construir | Farm |
| 16:31 | Crear | Villager (Male) |
| 16:39 | Crear | Villager (Male) |
| 16:39 | Crear | Villager (Male) |
| 16:49 | Investigar | Heavy Plow |
| 16:50 | Investigar | Gold Mining |
| 17:14 | Construir | Farm |
| 17:16 | Construir | Farm |
| 17:19 | Crear | Villager (Male) |
| 17:39 | Construir | Town Center |
| 17:46 | Crear | Villager (Male) |
| 17:46 | Crear | Villager (Male) |
| 17:54 | Construir | House |
| 17:56 | Construir | House |
| 18:12 | Construir | House |
| 18:15 | Construir | Farm |
| 18:17 | Construir | Farm |
| 18:20 | Construir | Farm |
| 18:21 | Crear | Villager (Male) |
| 18:21 | Crear | Villager (Male) |
| 18:22 | Crear | Villager (Male) |
| 18:28 | Construir | Farm |
| 18:29 | Crear | Villager (Male) |
| 18:51 | Construir | Monastery |
| 18:58 | Crear | Villager (Male) |
| 18:58 | Crear | Villager (Male) |
| 18:58 | Crear | Villager (Male) |
| 19:15 | Crear | Villager (Male) |
| 19:15 | Crear | Villager (Male) |
| 19:16 | Crear | Villager (Male) |
| 19:25 | Crear | Monk |
| 19:52 | Crear | Villager (Male) |
| 19:52 | Crear | Villager (Male) |
| 20:00 | Crear | Villager (Male) |
| 20:01 | Crear | Villager (Male) |
| 20:02 | Crear | Villager (Male) |
| 20:08 | Construir | Farm |
| 20:15 | Crear | Villager (Male) |
| 20:26 | Construir | Farm |
| 20:29 | Crear | Monk |
| 20:49 | Construir | Mill |
| 20:51 | Construir | Farm |
| 20:52 | Construir | Farm |
| 20:52 | Construir | Farm |
| 20:52 | Construir | Farm |
| 20:52 | Construir | Farm |
| 20:53 | Construir | Farm |
| 20:53 | Construir | Farm |
| 21:05 | Construir | Farm |
| 21:07 | Crear | Villager (Male) |
| 21:07 | Crear | Villager (Male) |
| 21:07 | Crear | Villager (Male) |
| 21:07 | Crear | Villager (Male) |
| 21:08 | Crear | Villager (Male) |
| 21:08 | Crear | Villager (Male) |
| 21:16 | Construir | House |
| 21:17 | Construir | House |
| 21:19 | Construir | House |
| 21:23 | Crear | Villager (Male) |
| 21:56 | Construir | Mining Camp |
| 22:00 | Construir | University |
| 22:11 | Construir | Mill |
| 22:14 | Construir | Farm |
| 22:15 | Construir | Farm |
| 22:17 | Construir | Farm |
| 22:18 | Crear | Villager (Male) |
| 22:18 | Crear | Villager (Male) |
| 22:18 | Crear | Villager (Male) |
| 22:23 | Construir | Farm |
| 22:25 | Crear | Villager (Male) |
| 22:25 | Crear | Villager (Male) |
| 22:25 | Crear | Villager (Male) |
| 22:25 | Crear | Villager (Male) |
| 22:31 | Construir | Lumber Camp |
| 22:40 | Construir | Siege Workshop |
| 22:44 | Crear | Villager (Male) |
| 22:50 | Investigar | Wheelbarrow |
| 22:56 | Crear | Villager (Male) |
| 22:56 | Crear | Villager (Male) |
| 22:57 | Investigar | Loom |
| 22:58 | Crear | Villager (Male) |
| 22:58 | Crear | Villager (Male) |
Build order — Templario4072
Primeras 150 de 344 acciones detectadas
| 0:26 | Crear | Villager (Male) |
| 0:26 | Crear | Villager (Male) |
| 0:26 | Crear | Villager (Male) |
| 0:27 | Crear | Villager (Male) |
| 0:27 | Crear | Villager (Male) |
| 0:30 | Construir | House |
| 0:32 | Construir | House |
| 2:05 | Crear | Villager (Male) |
| 2:05 | Crear | Villager (Male) |
| 2:12 | Construir | Lumber Camp |
| 2:35 | Crear | Villager (Male) |
| 2:35 | Crear | Villager (Male) |
| 2:59 | Crear | Villager (Male) |
| 3:00 | Crear | Villager (Male) |
| 3:35 | Crear | Villager (Male) |
| 3:36 | Crear | Villager (Male) |
| 3:36 | Crear | Villager (Male) |
| 3:36 | Crear | Villager (Male) |
| 4:06 | Construir | House |
| 4:15 | Crear | Villager (Male) |
| 4:15 | Crear | Villager (Male) |
| 4:16 | Crear | Villager (Male) |
| 4:49 | Construir | Mill |
| 5:07 | Crear | Villager (Male) |
| 5:07 | Crear | Villager (Male) |
| 5:08 | Crear | Villager (Male) |
| 5:45 | Construir | House |
| 5:48 | Construir | House |
| 5:55 | Crear | Villager (Male) |
| 5:55 | Crear | Villager (Male) |
| 6:05 | Crear | Villager (Male) |
| 6:05 | Crear | Villager (Male) |
| 6:05 | Crear | Villager (Male) |
| 6:06 | Crear | Villager (Male) |
| 6:42 | Crear | Villager (Male) |
| 6:42 | Crear | Villager (Male) |
| 8:09 | Crear | Villager (Male) |
| 8:09 | Crear | Villager (Male) |
| 8:09 | Crear | Villager (Male) |
| 8:15 | Construir | Farm |
| 8:18 | Crear | Villager (Male) |
| 8:20 | Construir | Farm |
| 8:22 | Construir | Farm |
| 8:23 | Construir | Farm |
| 8:25 | Crear | Villager (Male) |
| 9:56 | Construir | Mining Camp |
| 10:01 | Investigar | Loom |
| 10:01 | Investigar | Feudal Age |
| 10:32 | Construir | Farm |
| 10:34 | Construir | Farm |
| 12:00 | Crear | Villager (Male) |
| 12:01 | Crear | Villager (Male) |
| 12:29 | Construir | Blacksmith |
| 12:33 | Construir | Market |
| 12:38 | Crear | Villager (Male) |
| 13:29 | Investigar | Castle Age |
| 13:29 | Investigar | Castle Age |
| 13:34 | Construir | Mining Camp |
| 13:42 | Investigar | Wheelbarrow |
| 13:45 | Investigar | Double-Bit Axe |
| 13:47 | Investigar | Horse Collar |
| 14:02 | Investigar | Gold Mining |
| 14:10 | Construir | House |
| 14:11 | Construir | House |
| 14:12 | Construir | House |
| 14:13 | Construir | House |
| 14:14 | Construir | House |
| 14:20 | Construir | House |
| 14:24 | Construir | House |
| 14:26 | Construir | House |
| 14:28 | Construir | House |
| 14:49 | Construir | Farm |
| 15:08 | Investigar | Wheelbarrow |
| 15:24 | Construir | Farm |
| 15:37 | Construir | Farm |
| 16:35 | Construir | Town Center |
| 17:16 | Construir | House |
| 17:22 | Construir | House |
| 17:23 | Construir | House |
| 17:23 | Construir | House |
| 17:27 | Crear | Villager (Male) |
| 17:27 | Crear | Villager (Male) |
| 17:46 | Construir | Farm |
| 18:05 | Crear | Villager (Male) |
| 18:06 | Crear | Villager (Male) |
| 18:11 | Crear | Villager (Male) |
| 18:12 | Crear | Villager (Male) |
| 18:12 | Crear | Villager (Male) |
| 18:50 | Crear | Villager (Male) |
| 18:50 | Crear | Villager (Male) |
| 19:16 | Construir | Castle |
| 19:23 | Crear | Villager (Male) |
| 19:23 | Crear | Villager (Male) |
| 19:24 | Crear | Villager (Male) |
| 19:55 | Construir | Town Center |
| 19:57 | Crear | Villager (Male) |
| 19:57 | Crear | Villager (Male) |
| 19:58 | Crear | Villager (Male) |
| 20:14 | Construir | Farm |
| 20:14 | Construir | Farm |
| 20:14 | Construir | Farm |
| 20:14 | Construir | Farm |
| 20:30 | Investigar | Bow Saw |
| 20:34 | Crear | Villager (Male) |
| 20:55 | Crear | Villager (Male) |
| 20:56 | Crear | Villager (Male) |
| 21:01 | Construir | Farm |
| 21:01 | Construir | Farm |
| 21:13 | Crear | Villager (Male) |
| 21:14 | Crear | Villager (Male) |
| 21:31 | Construir | House |
| 21:33 | Construir | House |
| 21:37 | Construir | House |
| 21:39 | Construir | House |
| 21:43 | Crear | Villager (Male) |
| 21:43 | Crear | Villager (Male) |
| 21:44 | Crear | Villager (Male) |
| 21:52 | Construir | Farm |
| 21:52 | Construir | Farm |
| 21:58 | Crear | Villager (Male) |
| 21:58 | Crear | Villager (Male) |
| 22:01 | Construir | Farm |
| 22:02 | Construir | Farm |
| 22:08 | Construir | Farm |
| 22:19 | Crear | Villager (Male) |
| 22:20 | Crear | Villager (Male) |
| 22:21 | Crear | Villager (Male) |
| 22:22 | Crear | Villager (Male) |
| 22:28 | Investigar | Gold Shaft Mining |
| 22:37 | Construir | Farm |
| 22:37 | Construir | Farm |
| 22:37 | Construir | Farm |
| 22:37 | Construir | Farm |
| 22:43 | Construir | Farm |
| 22:43 | Construir | Farm |
| 22:44 | Construir | Farm |
| 22:58 | Crear | Konnik |
| 23:06 | Crear | Villager (Male) |
| 23:06 | Crear | Villager (Male) |
| 23:06 | Crear | Villager (Male) |
| 23:18 | Construir | Mill |
| 23:19 | Construir | Farm |
| 23:19 | Construir | Farm |
| 23:20 | Construir | Farm |
| 23:20 | Construir | Farm |
| 23:20 | Construir | Farm |
| 23:20 | Construir | Farm |
| 23:24 | Crear | Villager (Male) |
| 23:25 | Crear | Villager (Male) |
| 23:36 | Crear | Villager (Male) |
Build order — pap
Primeras 150 de 307 acciones detectadas
| 0:01 | Crear | Villager (Male) ×4 |
| 0:02 | Construir | House |
| 0:03 | Construir | House |
| 1:30 | Crear | Villager (Male) |
| 1:30 | Crear | Villager (Male) |
| 1:44 | Construir | Lumber Camp |
| 1:54 | Crear | Villager (Male) |
| 1:54 | Crear | Villager (Male) |
| 2:28 | Crear | Villager (Male) |
| 2:28 | Crear | Villager (Male) |
| 2:51 | Crear | Villager (Male) |
| 2:51 | Crear | Villager (Male) |
| 3:06 | Crear | Villager (Male) |
| 3:07 | Crear | Villager (Male) |
| 3:38 | Crear | Villager (Male) |
| 3:38 | Crear | Villager (Male) |
| 3:47 | Construir | House |
| 3:53 | Construir | Mill |
| 4:01 | Crear | Villager (Male) |
| 4:20 | Crear | Villager (Male) |
| 4:21 | Crear | Villager (Male) |
| 4:40 | Crear | Villager (Male) |
| 4:40 | Crear | Villager (Male) |
| 4:41 | Crear | Villager (Male) |
| 5:12 | Crear | Villager (Male) |
| 5:12 | Crear | Villager (Male) |
| 5:13 | Crear | Villager (Male) |
| 5:27 | Construir | House |
| 5:30 | Crear | Villager (Male) |
| 6:22 | Crear | Villager (Male) |
| 6:22 | Crear | Villager (Male) |
| 6:22 | Crear | Villager (Male) |
| 6:52 | Crear | Villager (Male) |
| 6:52 | Crear | Villager (Male) |
| 7:15 | Construir | Lumber Camp |
| 7:28 | Crear | Villager (Male) |
| 7:49 | Investigar | Feudal Age |
| 8:25 | Construir | Mining Camp |
| 8:49 | Construir | House |
| 9:55 | Crear | Villager (Male) |
| 9:55 | Crear | Villager (Male) |
| 10:14 | Construir | Barracks |
| 10:56 | Edad | Edad Feudal |
| 10:59 | Construir | Blacksmith |
| 11:17 | Construir | Archery Range |
| 11:44 | Investigar | Castle Age |
| 11:44 | Investigar | Castle Age |
| 11:56 | Crear | Spearman |
| 12:09 | Investigar | Horse Collar |
| 12:09 | Investigar | Horse Collar |
| 12:14 | Construir | Farm |
| 12:16 | Construir | Farm |
| 12:19 | Construir | Farm |
| 13:09 | Investigar | Double-Bit Axe |
| 13:29 | Construir | Mining Camp |
| 13:36 | Construir | House |
| 14:02 | Crear | Villager (Male) |
| 14:05 | Crear | Villager (Male) |
| 14:26 | Edad | Edad de los Castillos |
| 14:28 | Construir | Monastery |
| 14:40 | Crear | Spearman |
| 14:48 | Construir | Town Center |
| 14:57 | Crear | Monk |
| 15:10 | Crear | Spearman |
| 15:12 | Crear | Villager (Male) |
| 15:13 | Crear | Villager (Male) |
| 15:19 | Crear | Monk |
| 15:26 | Crear | Villager (Male) |
| 15:26 | Crear | Villager (Male) |
| 15:41 | Construir | House |
| 15:41 | Construir | House |
| 15:45 | Construir | Farm |
| 15:54 | Construir | Farm |
| 15:59 | Construir | Farm |
| 16:16 | Crear | Villager (Male) |
| 16:17 | Crear | Villager (Male) |
| 16:18 | Investigar | Loom |
| 16:21 | Construir | House |
| 16:25 | Crear | Monk |
| 16:32 | Crear | Villager (Male) |
| 16:33 | Construir | Farm |
| 16:36 | Construir | Farm |
| 16:37 | Construir | Farm |
| 16:41 | Construir | Farm |
| 16:47 | Crear | Villager (Male) |
| 16:51 | Construir | House |
| 17:04 | Construir | Farm |
| 17:05 | Crear | Villager (Male) |
| 17:12 | Construir | House |
| 17:19 | Crear | Villager (Male) |
| 17:25 | Crear | Villager (Male) |
| 17:30 | Construir | Farm |
| 17:34 | Construir | Farm |
| 17:49 | Crear | Villager (Male) |
| 17:57 | Construir | Farm |
| 17:58 | Crear | Villager (Male) |
| 18:00 | Construir | Farm |
| 18:04 | Construir | House |
| 18:05 | Construir | House |
| 18:15 | Investigar | Fervor |
| 18:18 | Crear | Villager (Male) |
| 18:22 | Crear | Villager (Male) |
| 18:28 | Construir | Farm |
| 18:30 | Construir | Farm |
| 18:34 | Construir | Farm |
| 18:42 | Crear | Villager (Male) |
| 18:59 | Crear | Villager (Male) |
| 19:04 | Construir | House |
| 19:05 | Construir | House |
| 19:05 | Crear | Villager (Male) |
| 19:15 | Construir | Farm |
| 19:16 | Construir | Farm |
| 19:16 | Crear | Villager (Male) |
| 19:29 | Crear | Villager (Male) |
| 19:31 | Crear | Villager (Male) |
| 19:48 | Crear | Villager (Male) |
| 19:54 | Crear | Villager (Male) |
| 20:00 | Construir | Siege Workshop |
| 20:01 | Crear | Villager (Male) |
| 20:10 | Construir | Farm |
| 20:15 | Construir | Farm |
| 20:15 | Construir | Farm |
| 20:16 | Crear | Villager (Male) |
| 20:29 | Investigar | Bow Saw |
| 20:30 | Investigar | Bow Saw |
| 20:30 | Investigar | Bow Saw |
| 20:40 | Crear | Villager (Male) |
| 20:47 | Crear | Villager (Male) |
| 20:57 | Construir | Market |
| 20:59 | Crear | Villager (Male) |
| 21:04 | Construir | House |
| 21:06 | Crear | Villager (Male) |
| 21:15 | Crear | Villager (Male) |
| 21:20 | Crear | Villager (Male) |
| 21:29 | Construir | Farm |
| 21:31 | Construir | Farm |
| 21:33 | Crear | Villager (Male) |
| 21:37 | Construir | House |
| 21:38 | Crear | Villager (Male) |
| 21:45 | Crear | Villager (Male) |
| 21:49 | Construir | Town Center |
| 21:51 | Crear | Villager (Male) |
| 21:58 | Investigar | Heavy Plow |
| 22:01 | Crear | Villager (Male) |
| 22:03 | Construir | House |
| 22:04 | Crear | Villager (Male) |
| 22:14 | Investigar | Wheelbarrow |
| 22:32 | Construir | Castle |
| 22:34 | Crear | Villager (Male) |
| 22:38 | Construir | House |
Cronología de la partida
| 9:00 | x-3-n-0-c · first_building Barracks |
| 10:10 | Mr.Veg@ · age_up feudal |
| 10:14 | pap · first_building Barracks |
| 10:27 | grizzlyman · age_up feudal |
| 10:56 | pap · age_up feudal |
| 10:57 | baha · age_up feudal |
| 10:57 | x-3-n-0-c · age_up feudal |
| 11:17 | pap · first_building Archery Range |
| 11:47 | x-3-n-0-c · first_building Archery Range |
| 11:49 | triantadeli · age_up feudal |
| 12:20 | enguenye · age_up feudal |
| 14:26 | pap · age_up castle |
| 14:28 | pap · first_building Monastery |
| 14:33 | grizzlyman · age_up castle |
| 14:38 | Mr.Veg@ · age_up castle |
| 14:53 | grizzlyman · first_market_buy 100 wood |
| 15:17 | x-3-n-0-c · age_up castle |
| 16:03 | enguenye · age_up castle |
| 16:04 | triantadeli · age_up castle |
| 16:11 | enguenye · first_building Castle |
| 16:12 | baha · age_up castle |
| 16:25 | enguenye · first_building Monastery |
| 16:56 | Mr.Veg@ · first_building Barracks |
| 17:36 | Mr.Veg@ · first_building Monastery |
| 18:51 | grizzlyman · first_building Monastery |
| 18:53 | baha · first_building Monastery |
| 18:58 | triantadeli · first_building Barracks |
| 19:15 | x-3-n-0-c · first_market_buy 100 food |
| 19:16 | Templario4072 · first_building Castle |
| 19:43 | triantadeli · first_building Archery Range |
| 20:00 | pap · first_building Siege Workshop |
| 20:52 | enguenye · first_market_sell 100 stone |
| 20:53 | enguenye · first_market_buy 100 food |
| 21:42 | pap · first_market_buy 100 food |
| 21:51 | Mr.Veg@ · first_building Stable |
| 22:32 | pap · first_building Castle |
| 22:40 | grizzlyman · first_building Siege Workshop |
| 23:53 | grizzlyman · first_building Barracks |
| 24:38 | triantadeli · first_building Castle |
| 24:39 | enguenye · age_up imperial |
| 25:26 | baha · first_building Castle |
| 26:08 | Templario4072 · first_market_sell 100 wood |
| 26:10 | x-3-n-0-c · first_market_sell 100 wood |
| 27:44 | x-3-n-0-c · first_building Monastery |
| 28:14 | Templario4072 · first_building Siege Workshop |
| 28:38 | pap · age_up imperial |
| 28:41 | baha · first_market_sell 100 wood |
| 28:54 | x-3-n-0-c · first_building Castle |
| 28:56 | pap · wall_segment Stone Wall x2 |
| 29:18 | pap · first_building Stable |
| 29:38 | pap · wall_segment Palisade Wall x1 |
| 29:39 | pap · wall_segment Palisade Wall x1 |
| 29:41 | pap · wall_segment Palisade Wall x1 |
| 29:43 | pap · wall_segment Palisade Wall x1 |
| 29:44 | pap · wall_segment Palisade Wall x1 |
| 29:47 | pap · wall_segment Palisade Wall x1 |
| 29:48 | pap · wall_segment Palisade Wall x1 |
| 29:51 | pap · wall_segment Palisade Wall x1 |
| 29:52 | pap · wall_segment Palisade Wall x1 |
| 29:56 | grizzlyman · age_up imperial |
| 29:59 | triantadeli · age_up imperial |
| 30:10 | grizzlyman · first_building Castle |
| 31:03 | Mr.Veg@ · first_building Archery Range |
| 31:36 | pap · wall_segment Stone Wall x4 |
| 31:45 | pap · first_market_sell 100 food |
| 32:02 | pap · wall_segment Stone Wall x1 |
| 32:07 | baha · age_up imperial |
| 32:12 | grizzlyman · first_building Archery Range |
| 32:25 | grizzlyman · first_market_sell 500 wood |
| 32:47 | x-3-n-0-c · age_up imperial |
| 33:01 | Mr.Veg@ · age_up imperial |
| 34:40 | Mr.Veg@ · first_market_sell 100 wood |
| 35:33 | pap · resign |
[ ANÁLISIS IA · 1 CRÉDITO ]
¿Qué pasó realmente en esta partida?
Wolo.gg analiza cada decisión: build order, eco, micro, errores típicos por bracket. Análisis personalizado por WhatsApp o Discord en 30 segundos.
Guía civ
Francos
Guía mapa
Arena
Perfil
Mr.Veg@